[Event "World Junior Chess Champiosnship-2014(Op"]
[Site "Pune,India"]
[Date "2014.10.18"]
[Round "12"]
[White "Ben Artzi, Ido"]
[Black "Iniyan, P."]
[Result "1-0"]
[ECO "E87"]
[WhiteElo "2423"]
[BlackElo "2151"]
[Annotator "Doe,John"]
[PlyCount "96"]
[EventDate "2014.??.??"]
[TimeControl "6000+1530"]
[WhiteClock "0:24:02"]
[BlackClock "0:21:18"]

1. d4 Nf6 2. c4 g6 3. Nc3 Bg7 4. e4 d6 5. f3 O-O 6. Be3 e5 7. d5 Nh5 8. Qd2 f5
9. exf5 gxf5 10. O-O-O Na6 11. Kb1 Nc5 12. Nh3 a5 13. Rg1 a4 14. g4 fxg4 15.
fxg4 Nf6 16. Nf2 a3 17. b4 Na6 18. Nce4 Qe8 19. Nxf6+ Rxf6 20. Ne4 Rf3 21. Be2
Rh3 22. Bf1 Rf3 23. Bg2 Rf8 24. b5 Nc5 25. Nxc5 dxc5 26. Be4 Ra4 27. Bxc5 Rf4
28. Qc2 Rxe4 29. Qxe4 Qxb5+ 30. cxb5 Rxe4 31. Bxa3 Ra4 32. Rg3 Bd7 33. Rc1 Bxb5
34. Rxc7 e4 35. Bb2 Bf8 36. Rh3 Bd3+ 37. Ka1 h6 38. g5 Ra6 39. gxh6 Bxh6 40. d6
Rxd6 41. Rg3+ Kf8 42. Ba3 Bf4 43. Rxb7 Be5+ 44. Rb2 Kf7 45. Bxd6 Bxd6 46. Rxd3
exd3 47. Rd2 Ke6 48. h3 Kd5 1-0

[Event "World Junior Chess Champiosnship-2014(Op"]
[Site "Pune,India"]
[Date "2014.10.18"]
[Round "12"]
[White "Westerberg, Jonathan"]
[Black "Manigandan, S S."]
[Result "1-0"]
[ECO "C17"]
[WhiteElo "2420"]
[BlackElo "2099"]
[Annotator "Doe,John"]
[PlyCount "57"]
[EventDate "2014.??.??"]
[TimeControl "6000+1170"]
[WhiteClock "0:57:09"]
[BlackClock "0:04:32"]

1. e4 e6 2. d4 d5 3. Nc3 Bb4 4. e5 c5 5. Bd2 Ne7 6. Nb5 Bxd2+ 7. Qxd2 O-O 8. f4
cxd4 9. Nxd4 Nbc6 10. Ngf3 Nxd4 11. Nxd4 Nc6 12. O-O-O f6 13. exf6 Qxf6 14. g3
Bd7 15. Bg2 Rac8 16. Rhe1 Qg6 17. Qd3 Qh6 18. Rd2 Nxd4 19. Qxd4 Qxh2 20. Bxd5
Qxg3 21. Rg1 Rxf4 22. Qxa7 Qh3 23. Bb3 Qh6 24. Kb1 Rf1+ 25. Rxf1 Qxd2 26. Qxb7
Rf8 27. Rxf8+ Kxf8 28. a4 Qa5 29. Qxd7 1-0

[Event "World Junior Chess Champiosnship-2014(Op"]
[Site "Pune,India"]
[Date "2014.10.18"]
[Round "12"]
[White "Sidhant, Mohapatra"]
[Black "Abhishek, A."]
[Result "0-1"]
[ECO "C07"]
[WhiteElo "2382"]
[BlackElo "2138"]
[Annotator "Doe,John"]
[PlyCount "92"]
[EventDate "2014.??.??"]
[TimeControl "6000+1765"]
[WhiteClock "0:42:10"]
[BlackClock "0:30:09"]

1. e4 e6 2. d4 d5 3. Nd2 c5 4. Ngf3 cxd4 5. Nxd4 Nc6 6. Bb5 Bd7 7. Nxc6 bxc6 8.
Bd3 Bd6 9. Qe2 Ne7 10. Nf3 Ng6 11. e5 Bc7 12. O-O O-O 13. b3 f5 14. Ba3 Rf7 15.
Rfe1 Bb6 16. Bd6 Nf4 17. Qd2 g5 18. Bf1 h6 19. c4 c5 20. b4 dxc4 21. Bxc4 cxb4
22. Nd4 Qc8 23. Rac1 Qb7 24. Bf1 Bxd4 25. Qxd4 Bb5 26. Qxb4 Bxf1 27. Qxb7 Rxb7
28. Kxf1 Rb2 29. g3 Nd3 30. Rb1 Rxf2+ 31. Kg1 Rxa2 32. Re3 Rb2 33. Rxb2 Nxb2
34. Rc3 Na4 35. Rc7 Nb6 36. Re7 a5 37. Rxe6 a4 38. Rxh6 Nc4 39. Bb4 a3 40. Rg6+
Kh7 41. Rxg5 a2 42. Bc3 Ra3 43. Ba1 Rb3 44. Rxf5 Rb1+ 45. Kf2 Rxa1 46. e6 Rf1+
0-1

[Event "World Junior Chess Champiosnship-2014(Op"]
[Site "Pune,India"]
[Date "2014.10.18"]
[Round "12"]
[White "Borisenko, Viacheslav"]
[Black "Roshan, Rangarajan"]
[Result "1-0"]
[ECO "C65"]
[WhiteElo "2316"]
[BlackElo "2088"]
[Annotator "Doe,John"]
[PlyCount "101"]
[EventDate "2014.??.??"]
[TimeControl "6000+695"]
[WhiteClock "0:11:12"]
[BlackClock "0:20:24"]

1. e4 e5 2. Nf3 Nc6 3. Bb5 Nf6 4. d3 Bc5 5. O-O d6 6. h3 h6 7. c4 O-O 8. Bxc6
bxc6 9. a3 a5 10. Nc3 Re8 11. Qc2 Nd7 12. Rb1 Bd4 13. Nxd4 exd4 14. Ne2 c5 15.
f4 f5 16. exf5 Nf6 17. b4 axb4 18. axb4 Bxf5 19. Ng3 Bd7 20. bxc5 dxc5 21. f5
Bc6 22. Bf4 Ra7 23. Ra1 Qa8 24. Rxa7 Qxa7 25. Qd1 Qa2 26. Rf2 Qa5 27. Rd2 Re7
28. Re2 Ba4 29. Qf1 Rxe2 30. Qxe2 Qb6 31. Qe7 Qb1+ 32. Kh2 Qxd3 33. Bxh6 Ne8
34. Qe6+ Kh8 35. Bg5 Nd6 36. f6 Qg6 37. fxg7+ Kxg7 38. Qe5+ Kh7 39. Qxc5 Ne8
40. Bd2 d3 41. Nf5 Qe6 42. Bc3 Bd7 43. Ng3 Qd6 44. Qh5+ Kg8 45. c5 Qc6 46. Qh8+
Kf7 47. Qh7+ Kf8 48. Nh5 Be6 49. Bg7+ Ke7 50. Bf6+ Kf8 51. Be7# 1-0

[Event "World Junior Chess Champiosnship-2014(Op"]
[Site "Pune,India"]
[Date "2014.10.18"]
[Round "12"]
[White "Vokhidov, Shamsiddin"]
[Black "Fisher, William"]
[Result "1-0"]
[ECO "C41"]
[WhiteElo "2119"]
[BlackElo "2313"]
[Annotator "Doe,John"]
[PlyCount "67"]
[EventDate "2014.??.??"]
[TimeControl "6000+1180"]
[WhiteClock "0:43:47"]
[BlackClock "0:00:50"]

1. e4 e5 2. Nf3 Nc6 3. Nc3 Nf6 4. Be2 d6 5. d4 exd4 6. Nxd4 Bd7 7. Be3 Be7 8.
O-O O-O 9. f4 Nxd4 10. Bxd4 c5 11. Bf2 Bc6 12. Bf3 Qc7 13. Qd3 a6 14. a4 Rfd8
15. Rfe1 b6 16. Re2 Qb7 17. Rae1 b5 18. axb5 axb5 19. Nd5 b4 20. Nxe7+ Qxe7 21.
Bh4 Qe6 22. c3 bxc3 23. Qxc3 Rdc8 24. Bg3 Rd8 25. f5 Qc8 26. Bh4 Re8 27. Bxf6
gxf6 28. Qxf6 Qd8 29. Qh6 Kh8 30. Rd2 f6 31. Red1 Bxe4 32. Rxd6 Qb8 33. Qxf6+
Kg8 34. Rd7 1-0

[Event "World Junior Chess Champiosnship-2014(Op"]
[Site "Pune,India"]
[Date "2014.10.18"]
[Round "12"]
[White "Blazeka, Matej"]
[Black "Aradhya, Garg"]
[Result "1-0"]
[ECO "C47"]
[WhiteElo "2311"]
[BlackElo "2068"]
[Annotator "Doe,John"]
[PlyCount "109"]
[EventDate "2014.??.??"]
[TimeControl "6000+1665"]
[WhiteClock "0:14:58"]
[BlackClock "0:36:03"]

1. e4 e5 2. Nf3 Nc6 3. d4 exd4 4. Nxd4 Nf6 5. Nc3 Bb4 6. Nxc6 bxc6 7. Bd3 d5 8.
exd5 cxd5 9. O-O O-O 10. Bg5 c6 11. Qf3 Be7 12. Rfe1 Rb8 13. Na4 h6 14. Bf4 Bd6
15. h3 c5 16. Nxc5 Rxb2 17. Nb3 Bb4 18. Red1 Re8 19. Bc1 Ba3 20. Bxb2 Bxb2 21.
Rab1 Be5 22. Bb5 Rf8 23. Nd4 Qc7 24. Nc6 Bd6 25. Nd4 Bb7 26. Qd3 Ne4 27. Re1 a6
28. Ba4 Rc8 29. Bb3 Bh2+ 30. Kf1 Qf4 31. Rxe4 dxe4 32. Qe3 Rc7 33. Ke2 Qe5 34.
g3 Qh5+ 35. Kd2 Qxh3 36. Qf4 Re7 37. Ke3 Qc8 38. c4 Qc5 39. Rd1 Qb4 40. Ne2
Qc5+ 41. Rd4 Qh5 42. Rd8+ Kh7 43. Nd4 a5 44. Qf5+ Qg6 45. Qxg6+ Kxg6 46. c5 f5
47. c6 Ba6 48. c7 Kh5 49. c8=Q Bxc8 50. Rxc8 Kg4 51. Be6 g6 52. Rg8 Kg5 53.
Bxf5 Kh5 54. Bxg6+ Kg4 55. Bf5+ 1-0

[Event "World Junior Chess Champiosnship-2014(Op"]
[Site "Pune,India"]
[Date "2014.10.18"]
[Round "12"]
[White "K., Praneeth Surya"]
[Black "Gandhi, Anish"]
[Result "1-0"]
[ECO "B12"]
[WhiteElo "2251"]
[BlackElo "2068"]
[Annotator "Doe,John"]
[PlyCount "69"]
[EventDate "2014.??.??"]
[TimeControl "6000+1025"]
[WhiteClock "0:57:09"]
[BlackClock "0:12:41"]

1. e4 c6 2. d4 d5 3. e5 c5 4. Nf3 Nc6 5. dxc5 Bg4 6. Bb5 e6 7. b4 a5 8. c3 Qc7
9. Nbd2 b6 10. cxb6 Qxb6 11. Qa4 Nge7 12. bxa5 Rxa5 13. Bxc6+ Nxc6 14. Qxg4 h5
15. Qf4 Qa6 16. a4 d4 17. c4 g5 18. Qxg5 Be7 19. Qg7 Rf8 20. O-O Qa8 21. Nb3
Kd7 22. Nxa5 Rg8 23. Qxg8 Qxg8 24. Nxc6 Kxc6 25. Nxd4+ Kc7 26. Ba3 Bxa3 27.
Rxa3 Qg4 28. Nb5+ Kb8 29. Nd6 Kc7 30. a5 Qg8 31. a6 h4 32. h3 f6 33. a7 Qa8 34.
Nb5+ Kb6 35. exf6 1-0

[Event "World Junior Chess Champiosnship-2014(Op"]
[Site "Pune,India"]
[Date "2014.10.18"]
[Round "12"]
[White "Krishna Teja, N."]
[Black "Patil, Pratik"]
[Result "1-0"]
[ECO "D85"]
[WhiteElo "2049"]
[BlackElo "2231"]
[Annotator "Doe,John"]
[PlyCount "43"]
[EventDate "2014.??.??"]
[TimeControl "6000+1350"]
[WhiteClock "0:50:29"]
[BlackClock "0:11:26"]

1. d4 Nf6 2. Nf3 g6 3. c4 Bg7 4. Nc3 d5 5. cxd5 Nxd5 6. e4 Nxc3 7. bxc3 c5 8.
Be3 O-O 9. Rc1 Bg4 10. Be2 cxd4 11. cxd4 Nd7 12. O-O Nf6 13. h3 Bd7 14. Bd3 Qa5
15. Qb3 b6 16. Rc7 Rac8 17. Rfc1 Qh5 18. Ng5 Rxc7 19. Rxc7 h6 20. e5 hxg5 21.
exf6 Be6 22. d5 1-0

[Event "World Junior Chess Champiosnship-2014(Op"]
[Site "Pune,India"]
[Date "2014.10.18"]
[Round "12"]
[White "Muthaiah, Al"]
[Black "Manush, Shah"]
[Result "1/2-1/2"]
[ECO "D02"]
[WhiteElo "2215"]
[BlackElo "2038"]
[Annotator "Doe,John"]
[PlyCount "95"]
[EventDate "2014.??.??"]
[TimeControl "6000+1185"]
[WhiteClock "0:24:03"]
[BlackClock "0:32:56"]

1. d4 d5 2. Nf3 c6 3. g3 Nf6 4. Bg2 Bf5 5. O-O g6 6. c4 Nbd7 7. Nc3 dxc4 8. Nh4
Nb6 9. Nxf5 gxf5 10. f3 h5 11. Bg5 Bh6 12. f4 Ng4 13. Qd2 Bg7 14. Rad1 Nd5 15.
Rf3 Qb6 16. Nxd5 cxd5 17. b3 Rc8 18. Rc3 e6 19. h3 Nf6 20. bxc4 dxc4 21. Qc2
Qa6 22. a4 O-O 23. e3 Nd5 24. Bxd5 exd5 25. Qxf5 Qe6 26. g4 Qxf5 27. gxf5 f6
28. Bh4 Rfe8 29. Kf2 Kf7 30. Kf3 b6 31. Rb1 Rc6 32. Rb5 Rd6 33. a5 Rb8 34. e4
dxe4+ 35. Kxe4 Re8+ 36. Kf3 Rxd4 37. axb6 axb6 38. Bf2 Rd3+ 39. Rxd3 cxd3 40.
Rxb6 Rd8 41. Rb7+ Kg8 42. Rb1 Bf8 43. Rd1 d2 44. Be3 Bb4 45. Ke2 Re8 46. Kd3
Rd8+ 47. Ke2 Re8 48. Kd3 1/2-1/2

[Event "World Junior Chess Champiosnship-2014(Op"]
[Site "Pune,India"]
[Date "2014.10.18"]
[Round "12"]
[White "Ganesh, R."]
[Black "Ritviz, Parab"]
[Result "0-1"]
[ECO "E94"]
[WhiteElo "2030"]
[BlackElo "2205"]
[Annotator "Doe,John"]
[PlyCount "82"]
[EventDate "2014.??.??"]
[TimeControl "6000+2270"]
[WhiteClock "0:01:49"]
[BlackClock "0:02:34"]

1. d4 Nf6 2. Nf3 g6 3. c4 Bg7 4. Nc3 O-O 5. e4 d6 6. Be2 e5 7. O-O exd4 8. Nxd4
Re8 9. f3 c6 10. Bg5 a5 11. Qd2 Nbd7 12. Rfd1 a4 13. Kh1 Qa5 14. Nc2 Ne5 15. b4
Qc7 16. Qxd6 Qxd6 17. Rxd6 Nfd7 18. Rad1 Nb6 19. c5 Nec4 20. Rd8 Be6 21. Rxe8+
Rxe8 22. Nb1 Nb2 23. Rf1 Nd7 24. a3 Bb3 25. Ne3 Bd4 26. Nd2 f6 27. Nxb3 axb3
28. Bh6 Ne5 29. Nd1 Na4 30. Bd2 b2 31. Nxb2 Nxb2 32. g3 Nec4 33. Bc1 Nxa3 34.
Bd1 Nb5 35. Bb3+ Kg7 36. g4 Ra8 37. Bf4 Nd3 38. Bg3 Nxb4 39. Rd1 Ra1 40. Rxa1
Bxa1 41. Be6 Nd3 0-1